cohdb
Replays
Latest Replays
All Replays
Popular Replays
Top Player Replays
Match Explorer
How It Works
Community
CoH3 Stats
Reddit
Sign in to upload your games and track your stats! →
Sign in with Steam
Match 38741220
Unlisted
Match 38741220
Overview
Messages
Build Orders
End
Construct Barracks
Engineer Squad
Riflemen Squad
Riflemen Squad
Riflemen Squad
Infantry Support Center
Construct Medical Station
M1918 Browning Automatic Rifles
Construct Tank Depot
M4A1 Sherman Medium Tank
Selects Special Operations Battlegroup
Selects Special Operations Battlegroup
Selects M29 Weasel with M1 Pack Howitzer
M4A1 Sherman Medium Tank
XuZhongwei
陈月
0
0
Comments
sign in to comment!
No comments posted yet!